 Dungeon Crawl Stone Soup version 0.20.0 (webtiles) character file.

4132 FakerFangirl the Basher (level 10, -1/86 HPs)
             Began as a Grey Draconian Fighter on May 26, 2017.
             Was a Believer of Cheibriados.
             Slain by a killer bee (6 damage)
             ... on level 8 of the Dungeon.
             The game lasted 00:09:01 (7350 turns).

FakerFangirl the Basher (Grey Draconian Fighter)    Turns: 7350, Time: 00:09:02

Health: -1/86      AC: 11    Str: 22    XL:     10   Next: 6%
Magic:  10/10      EV: 13    Int:  8    God:    Cheibriados [**....]
Gold:   388        SH: 22    Dex: 19    Spells: 9/9 levels left

rFire    . . .     SeeInvis .   Y - +0 morningstar
rCold    + + .     Gourm    .   a - +6 large shield of the Merchant {*Corrode rElec rC++ Slay+2}
rNeg     . . .     Faith    .   (armour unavailable)
rPois    .         Spirit   .   s - -3 hat of the Desert {rElec MR+++ Regen+ Int-4}
rElec    +         Reflect  .   h - +1 cloak
rCorr    .         Harm     .   (no gloves)
MR       +++..                  (no boots)
Stlth    ++........             (no amulet)
Regen    0.7/turn               (no ring)
MPRegen  0.2/turn               (no ring)

@: lethally poisoned (-1 -> -30), very slow
A: walk through water, unfitting armour, unbreathing, cold-blooded, AC +12
a: Bend Time, Renounce Religion


You were on level 8 of the Dungeon.
You worshipped Cheibriados.
Cheibriados was pleased with you.
You were not hungry.

You visited 2 branches of the dungeon, and saw 9 of its levels.
You also visited: Ossuary.

You collected 388 gold pieces.


Innate Abilities, Weirdness & Mutations

You can walk through water.
Your dull iron-grey scales are very hard. (AC +12)
You cannot fit into any form of body armour.
You can survive without breathing.
You are cold-blooded and may be slowed by cold attacks.


   Skills:
 - Level 7.1 Fighting
 + Level 11.0 Maces & Flails
 - Level 5.9 Dodging
 - Level 6.1 Shields


You had 9 spell levels left.
You didn't know any spells.

Inventory:

Hand Weapons
 Y - a +0 morningstar (weapon)
Missiles
 q - a tomahawk (quivered)
Armour
 a - the +6 large shield of the Merchant (worn) {*Corrode rElec rC++ Slay+2}
   (You found it on level 6 of the Dungeon)

   It affects your accuracy and damage with ranged weapons and melee attacks
   (+2).
   It greatly protects you from cold.
   It insulates you from electricity.
   It may corrode you when you take damage.
 h - a +1 cloak (worn)
 s - the -3 hat of the Desert (worn) {rElec MR+++ Regen+ Int-4}
   (You found it on level 5 of the Dungeon)

   It affects your intelligence (-4).
   It insulates you from electricity.
   It affects your resistance to hostile enchantments.
   It increases your rate of regeneration.
Wands
 b - a wand of paralysis (12/24)
Scrolls
 d - 11 scrolls of remove curse
 f - 3 scrolls of identify
Potions
 c - 3 potions of might
 i - 2 potions of curing
 l - 3 potions of haste
 o - a potion of flight {unknown}
Comestibles
 g - a meat ration
 j - 4 chunks of flesh
 k - 2 bread rations
 m - 5 fruits

Dungeon Overview and Level Annotations

Branches:
Dungeon (8/15)             Temple (1/1) D:6
   Lair: D:8-11

Altars:
Ashenzari
Cheibriados
Dithmenos
Elyvilon
Fedhas
Gozag
Hepliaklqana
Kikubaaqudgha
Makhleb
Nemelex Xobeh
Okawaru
Qazlal
Ru
Sif Muna
Trog
Uskayaw
Vehumet
Xom
Yredelemnul
Zin
The Shining One


Message History

The killer bee stings you but does no damage.
The killer bee stings you! The killer bee barely misses you.
You closely miss the killer bee.
Your tail-slap misses the killer bee.
The killer bee is almost dead.
You feel very sick. The killer bee closely misses you.
The killer bee misses you. x2
You block the killer bee's attack. x2
The killer bee stings you but does no damage.
You block the killer bee's attack. You block the queen bee's attack.
The killer bee completely misses you. The killer bee stings you.
You are more poisoned.
The killer bee poisons you! The killer bee barely misses you. x2
The killer bee misses you. The queen bee stings you.
You closely miss the killer bee. You tail-slap the killer bee.
You kill the killer bee!
Cheibriados thoroughly appreciates the change of pace.
Your Maces & Flails skill increases to level 11!
You feel very sick.
You block the killer bee's attack. x3; The killer bee stings you.
You die...

#...###.< #........
#.....#.. #..).....
.#.......# ###
#.(......
.........# /.#
####.....
.........# #.#
##.##.. ....$...(#
#.# #..##.#
.......Jy# #.#
#.###.. .......yy#
#.# #.###..
##.#..y@####.##
#.##...
###yyy..#..##
#)##...
#.y.#..#..###.....#
##......#..#...(..#
#.............##.#
#....#.##...[###[.
#.#..#.#....## ##.
.......^.....# .
##............# #


You could see a queen bee, a jelly and 7 killer bees.

Vanquished Creatures
  A two-headed ogre (D:7)
  A hippogriff (D:8)
  A hungry ghost (D:8)
  Edmund (D:5)
  The ghost of nemr118 the Digger, an amateur GrEE (D:3)
  2 ice beasts
  A black bear (D:5)
  2 orc warriors
  The ghost of Gamesmaster the Chopper, an amateur MiBe of Trog (D:4)
  A sky beast (D:7)
  2 ogres (D:7)
  2 phantoms
  An elf zombie (Ossuary)
  4 bullfrogs
  2 scorpions (D:4)
  3 killer bees (D:8)
  7 wights (D:7)
  3 howler monkeys
  A crimson imp (D:8)
  3 hounds
  3 orc priests
  6 orc wizards
  A bullfrog skeleton (D:7)
  2 human zombies (Ossuary)
  2 iguanas
  Terence (D:2)
  Natasha (thrice) (D:2)
  4 worker ants
  3 mummies (Ossuary)
  3 worker ant zombies
  A gnoll (D:4)
  2 howler monkey skeletons
  5 adders
  A shadow imp (D:7)
  7 adder zombies
  An ooze (D:2)
  3 adder skeletons
  4 worms (D:2)
  4 dart slugs (D:1)
  2 leopard geckos
  29 orcs
  6 giant cockroaches
  A gnoll zombie (Ossuary)
  8 goblins
  7 hobgoblins
  12 jackals
  A quokka (D:4)
  2 ball pythons
  3 bats
  6 frilled lizards
  A goblin zombie (Ossuary)
  2 hobgoblin zombies (Ossuary)
  6 kobolds
  2 kobold zombies (Ossuary)
  2 leopard gecko skeletons (D:3)
  3 quokka zombies
  5 rats
  A rat zombie (Ossuary)
195 creatures vanquished.

Notes
Turn   | Place    | Note
-------+----------+-------------------------------------------
     0 | D:1      | FakerFangirl the Draconian Fighter began the quest for the Orb.
     0 | D:1      | Reached XP level 1. HP: 19/19 MP: 1/1
     0 | D:1      | 0 ||| counter = 58
   107 | D:1      | Reached XP level 2. HP: 26/26 MP: 2/2
   205 | D:1      | Reached skill level 3 in Maces & Flails
   460 | D:1      | Reached XP level 3. HP: 31/31 MP: 3/3
   771 | D:1      | 771 ||| READING 2 scrolls labeled BEOPSIXK VIPP.
   772 | D:1      | 772 ||| READING scroll labeled NIXKALL ZANEROUTSA.
   773 | D:1      | 773 ||| READING scroll labeled ANOZXOREXI.
   774 | D:1      | 774 ||| READING scroll labeled COISOMP EXONK.
   775 | D:1      | 775 ||| DRINKING 2 viscous green potions.
   900 | D:2      | Reached skill level 4 in Maces & Flails
  1013 | D:2      | Noticed Terence
  1039 | D:2      | HP: 7/31 [Terence/mace (4)]
  1042 | D:2      | Killed Terence
  1042 | D:2      | Reached XP level 4. HP: 6/38 MP: 4/4
  1525 | D:2      | Noticed Natasha
  1531 | D:2      | Killed Natasha
  1531 | D:2      | Reached skill level 5 in Maces & Flails
  1566 | D:2      | 1566 ||| Stepping ~*~*~tactically~*~*~ (outnumbered).
  1567 | D:2      | 1567 ||| Stepping ~*~*~tactically~*~*~ (outnumbered).
  1568 | D:2      | 1568 ||| Stepping ~*~*~tactically~*~*~ (outnumbered).
  1805 | D:2      | Noticed Natasha
  1816 | D:2      | Killed Natasha
  1816 | D:2      | Reached XP level 5. HP: 26/45 MP: 5/5
  1988 | D:2      | Noticed Natasha
  1994 | D:2      | Killed Natasha
  2393 | D:2      | 2393 ||| UPGRADING to cloak.
  2398 | D:2      | 2398 ||| READING scroll of enchant armour.
  2398 | D:2      | 2398 ||| ENCHANTING +0 cloak.
  2399 | D:2      | 2399 ||| DRINKING 2 coppery potions.
  2400 | D:2      | 2400 ||| DRINKING 2 fuming orange potions.
  2434 | D:2      | 2434 ||| DRINKING 2 red potions.
  2435 | D:2      | 2435 ||| READING 3 scrolls of identify.
  2435 | D:2      | 2435 ||| IDENTIFYING tourmaline ring
  2436 | D:2      | 2436 ||| DROPPING ring of stealth.
  2437 | D:2      | 2437 ||| READING 2 scrolls of identify.
  2437 | D:2      | 2437 ||| IDENTIFYING wooden ring
  2438 | D:2      | 2438 ||| DROPPING cursed -5 ring of evasion.
  2439 | D:2      | 2439 ||| DROPPING potion of agility.
  2440 | D:2      | 2440 ||| DROPPING potion of lignification.
  2441 | D:2      | 2441 ||| DROPPING potion of invisibility.
  2519 | D:3      | Noticed nemr118's ghost (amateur GrEE)
  2525 | D:3      | HP: 10/45 [nemr118's ghost/stone arrow (15)]
  2530 | D:3      | Killed nemr118's ghost
  2530 | D:3      | Reached skill level 6 in Maces & Flails
  2530 | D:3      | Reached XP level 6. HP: 10/51 MP: 6/6
  3302 | D:3      | 3302 ||| READING scroll labeled PATSIU CARIRPHY.
  3303 | D:3      | 3303 ||| READING scroll labeled GILIFR QUEB.
  3304 | D:3      | 3304 ||| READING scroll labeled AJOEXK AWUMP.
  3305 | D:3      | 3305 ||| READING 3 scrolls of identify.
  3305 | D:3      | 3305 ||| IDENTIFYING black potion
  3306 | D:3      | 3306 ||| READING 2 scrolls of identify.
  3306 | D:3      | 3306 ||| IDENTIFYING dark potion
  3307 | D:3      | 3307 ||| DROPPING potion of ambrosia.
  3330 | D:4      | 3330 ||| STAIRDANCE
  3526 | D:4      | Reached skill level 7 in Maces & Flails
  3526 | D:4      | Your scales start taking on a dull iron-grey colour.
  3526 | D:4      | Reached XP level 7. HP: 60/60 MP: 7/7
  3526 | D:4      | Gained mutation: You can survive without breathing. [Grey Draconian growth]
  3531 | D:4      | Noticed Gamesmaster's ghost (amateur MiBe)
  3563 | D:4      | HP: 14/60 [Gamesmaster's ghost (8)]
  3564 | D:4      | 3564 ||| DRINKING potion of heal wounds.
  3567 | D:4      | Killed Gamesmaster's ghost
  3607 | D:4      | Reached skill level 8 in Maces & Flails
  3730 | D:4      | 3730 ||| EATING 3 bread rations.
  3794 | D:4      | HP: 9/60 [ice beast (12)]
  3801 | D:4      | HP: 8/60 [orc/trident (3)]
  4297 | D:4      | Reached XP level 8. HP: 66/68 MP: 8/8
  4440 | D:4      | Found an iron altar of Okawaru.
  4618 | D:4      | 4618 ||| READING scroll labeled DOIWO DAC JARPH.
  4619 | D:4      | 4619 ||| READING 2 scrolls of identify.
  4619 | D:4      | 4619 ||| IDENTIFYING fuming silvery potion
  4620 | D:4      | 4620 ||| DROPPING potion of degeneration.
  4631 | D:5      | Entered Level 5 of the Dungeon
  4634 | D:5      | 4634 ||| STAIRDANCE
  4643 | D:5      | 4643 ||| STAIRDANCE
  4691 | D:5      | 4691 ||| DRINKING potion of curing.
  4691 | D:5      | 4691 ||| (to cure confusion)
  5004 | D:5      | Noticed Edmund
  5024 | D:5      | Killed Edmund
  5024 | D:5      | Reached skill level 9 in Maces & Flails
  5250 | D:5      | Got a twisted hat
  5454 | D:5      | 5454 ||| UPGRADING to twisted hat.
  5459 | D:5      | Identified the -3 hat of the Desert {rElec MR+++ Regen+ Int-4} (You found it on level 5 of the Dungeon)
  5459 | D:5      | 5459 ||| READING scroll labeled UWISEB AQOME.
  5460 | D:5      | 5460 ||| READING scroll labeled XUQOMP GIUHOA.
  5461 | D:5      | 5461 ||| READING 2 scrolls of identify.
  5461 | D:5      | 5461 ||| IDENTIFYING sapphire potion
  5569 | D:6      | Got a slimy large shield
  5584 | D:6      | Reached skill level 6 in Fighting
  5590 | D:6      | Found a sand-covered staircase.
  5591 | D:6      | 5591 ||| Found Ossuary.
  5605 | Ossuary  | Entered an ossuary
  5606 | Ossuary  | 5606 ||| Entered Ossuary.
  5609 | Ossuary  | 5609 ||| Stepping ~*~*~tactically~*~*~ (outnumbered).
  5611 | Ossuary  | 5611 ||| Stepping ~*~*~tactically~*~*~ (outnumbered).
  5612 | Ossuary  | 5612 ||| Stepping ~*~*~tactically~*~*~ (outnumbered).
  5883 | Ossuary  | 5883 ||| UPGRADING to slimy large shield.
  5893 | Ossuary  | Identified the +6 large shield of the Merchant {*Corrode rElec rC++ Slay+2} (You found it on level 6 of the Dungeon)
  5893 | Ossuary  | 5893 ||| DROPPING +0 shield.
  5894 | Ossuary  | 5894 ||| REMOVING -3 hat of the Desert {rElec MR+++ Regen+ Int-4}.
  5899 | Ossuary  | 5899 ||| READING 2 scrolls labeled ZOTZAI RULA.
  5903 | Ossuary  | 5903 ||| READING scroll labeled UGROLAU DOCK.
  5904 | Ossuary  | 5904 ||| DRINKING 2 golden potions.
  5905 | Ossuary  | 5905 ||| READING 2 scrolls of identify.
  5905 | Ossuary  | 5905 ||| IDENTIFYING glowing blue potion
  5906 | Ossuary  | 5906 ||| DROPPING potion of magic.
  5907 | Ossuary  | 5907 ||| DROPPING potion of brilliance.
  5953 | D:6      | Reached skill level 3 in Dodging
  6187 | D:6      | Found a staircase to the Ecumenical Temple.
  6193 | Temple   | Entered the Ecumenical Temple
  6194 | Temple   | 6194 ||| Entered T.
  6196 | Temple   | Became a worshipper of Cheibriados the Contemplative
  6260 | Temple   | 6260 ||| UPGRADING to -3 hat of the Desert {rElec MR+++ Regen+ Int-4}.
  6319 | D:6      | 6319 ||| EATING royal jelly.
  6341 | D:6      | Found a blossoming altar of Fedhas.
  6383 | D:7      | 6383 ||| READING scroll of enchant weapon.
  6383 | D:7      | 6383 ||| ENCHANTING +1 flail.
  6446 | D:7      | Reached skill level 10 in Maces & Flails
  6446 | D:7      | Reached XP level 9. HP: 49/75 MP: 9/9
  6596 | D:7      | 6596 ||| SWAPPING to morningstar.
  6601 | D:7      | 6601 ||| DROPPING +2 flail.
  6641 | D:7      | Noticed a two-headed ogre
  6654 | D:7      | HP: 13/78 [two-headed ogre/dire flail (7)]
  6655 | D:7      | 6655 ||| READING scroll of teleportation.
  6656 | D:7      | 6656 ||| DRINKING 3 potions of heal wounds.
  6662 | D:7      | HP: 19/78 [poisoned by a wight]
  6663 | D:7      | 6663 ||| DRINKING 2 potions of heal wounds.
  6714 | D:7      | Reached * piety under Cheibriados
  6723 | D:7      | Reached skill level 6 in Shields
  6817 | D:7      | Killed a two-headed ogre
  6975 | D:7      | Found a bloodstained altar of Trog.
  7176 | D:7      | 7176 ||| READING scroll labeled QIXADGHYAZE.
  7237 | D:8      | Reached ** piety under Cheibriados
  7274 | D:8      | Reached XP level 10. HP: 86/86 MP: 10/10
  7344 | D:8      | HP: 19/86 [killer bee (3)]
  7345 | D:8      | 7345 ||| DRINKING 2 potions of heal wounds.
  7346 | D:8      | 7346 ||| DRINKING potion of heal wounds.
  7349 | D:8      | HP: 11/86 [poisoned by a killer bee]
  7350 | D:8      | Reached skill level 11 in Maces & Flails
  7350 | D:8      | HP: 5/86 [poisoned by a killer bee]
  7350 | D:8      | Slain by a killer bee

Vault maps used:
D:1:      eino_arrival_druids_welcome, minmay_misc_feat_encased,
          solitary_fountain, st_stairs_8
D:2:      dk_noncrumbling_3, uniq_terence, uniq_natasha
D:3:      serial_undead, serial_undead_e, serial_undead_a, serial_undead_f,
          serial_undead_f, serial_undead_c, first_bread, lightli_corner_chamber
D:4:      okawaru_altar_gauntlet_db
D:5:      uniq_edmund
D:6:      temple_green, enter_ossuary_1, fedhas_altar_4
D:7:      trog_book
D:8:      david_nohive_1
Temple:   dpeg_three_leaves_temple
Ossuary:  ossuary_minmay_chase

Skill      XL: |  1  2  3  4  5  6  7  8  9 10 |
---------------+-------------------------------+-----
Maces & Flails | 3 4 5 6 7 8 10 11 | 11.0
Fighting       | 4 5 6 7 |  7.1
Shields        | 4 5 6 |  6.1
Dodging        | 3 5 |  5.9

Action                   |  1- 3 |  4- 6 |  7- 9 | 10-12 || total
-------------------------+-------+-------+-------+-------++-------
Melee: Flail             |   120 |   157 |   386 |       ||   663
       Tailslap          |     9 |    20 |    73 |     3 ||   105
       Morningstar       |       |       |   127 |    23 ||   150
Throw: Javelin           |       |    11 |    35 |       ||    46
       Tomahawk          |       |       |    35 |     1 ||    36
  Use: Scroll            |     4 |     8 |    11 |       ||    23
       Potion            |     1 |     3 |     5 |     2 ||    11
  Eat: Chunk             |     1 |     7 |     7 |       ||    15
       Bread ration      |       |       |     1 |       ||     1
       Royal jelly       |       |       |     1 |       ||     1
Armor: Skin              |    24 |    39 |   107 |    34 ||   204
Dodge: Dodged            |    48 |    53 |   159 |    60 ||   320
Block: Shield            |    57 |    59 |   104 |       ||   220
       Large shield      |       |       |   214 |    71 ||   285
